 Dungeon Crawl Stone Soup version 0.31-a0-210-gccc998df9b (webtiles) character file.

Game seed: 2553329246134401401

25 qw the Shooter (level 3, 0/21 HPs)
             Began as a Gargoyle Hexslinger on June 29, 2023.
             Slain by an iguana (5 damage)
             ... on level 2 of the Dungeon.
             The game lasted 00:00:24 (955 turns).

qw the Shooter (Gargoyle Hexslinger)                 Turns: 955, Time: 00:00:25

Health: 0/21       AC:  8    Str: 11    XL:     3   Next: 6%
Magic:  4/4        EV: 10    Int: 13    God:
Gold:   100        SH:  0    Dex: 14    Spells: 3/4 levels left

rFire   . . .        Y - +1 sling
rCold   . . .        (no shield)
rNeg    + . .        d - +0 ring mail
rPois   inf          (no helmet)
rElec   +            (no cloak)
rCorr   .            (no gloves)
SInv    .            (no boots)
Will    .....        (no amulet)
Stlth   +            (no ring)
HPRegen 0.23/turn    (no ring)
MPRegen 0.09/turn

%: no passive effects
@: no status effects
A: sickness immunity, AC +3, negative energy resistance 1, electricity
resistance, torment resistance 1, petrification resistance
a: no special abilities


You were on level 2 of the Dungeon.
You visited 1 branch of the dungeon, and saw 2 of its levels.

You collected 100 gold pieces.


Innate Abilities, Weirdness & Mutations

You are immune to sickness and miasma.
Your stone body is resilient. (AC +3)
You are immune to poison.
You resist negative energy. (rN+)
You are resistant to electric shocks. (rElec)
You are resistant to unholy torment.
You are immune to petrification.


   Skills:
 - Level 2.0 Fighting
 + Level 3.0 Ranged Weapons
 - Level 1.5 Dodging
 - Level 1.0 Spellcasting
 - Level 2.6 Hexes


You had 3 spell levels left.
You knew the following spells:

 Your Spells              Type           Power      Damage    Failure   Level
a - Slow                  Hex            28%        N/A       22%         1

Your spell library contained the following spells:

 Spells                   Type           Power      Damage    Failure   Level
 Inner Flame              Hex/Fire       4%         N/A       75%         3
 Portal Projectile        Hex/Tloc       8%         N/A       75%         3
 Cause Fear               Hex            3%         N/A       92%         4

Inventory:

Hand Weapons
 Y - a +1 sling (weapon)
Armour
 d - a +0 ring mail (worn)
Potions
 a - a potion of magic {unknown}

Dungeon Overview and Level Annotations

Branches:
Dungeon (2/15)

Altars:


Message History

An iguana comes into view.
The iguana hisses angrily.
Enter note:
Enter note: You shoot a sling bullet.
The sling bullet barely misses the iguana.
You shoot a sling bullet.
The sling bullet hits the iguana but does no damage.
You shoot a sling bullet.
The sling bullet closely misses the iguana.
You shoot a sling bullet. The sling bullet hits the iguana.
The iguana is lightly wounded.
You shoot a sling bullet.
The sling bullet closely misses the iguana.
The iguana bites you. The iguana barely misses you.
You shoot a sling bullet.
The sling bullet hits the iguana but does no damage.
The iguana is lightly wounded.
The iguana barely misses you.
You shoot a sling bullet.
The sling bullet barely misses the iguana.
The iguana barely misses you. The iguana bites you!
You shoot a sling bullet. The sling bullet hits the iguana.
The iguana is moderately wounded.
The iguana bites you but does no damage.
You shoot a sling bullet.
The sling bullet hits the iguana but does no damage.
The iguana is moderately wounded.
The iguana bites you!
You shoot a sling bullet. The sling bullet hits the iguana.
The iguana is heavily wounded.
The iguana misses you. The iguana bites you.
You shoot a sling bullet.
The sling bullet hits the iguana but does no damage.
The iguana is heavily wounded.
The iguana barely misses you.
You shoot a sling bullet. The sling bullet hits the iguana.
The iguana is almost dead.
The iguana bites you.
You die...

#.####...###.....#..##.#.
.......#.............#.#.
.####...###.#...#...#.#.
##.## #.#..<......#.
##..[###.#...........
.###.)...##.##.##.......
........................
####.....#####.####....#
#..l@## #.# #.#.##
#.#..## #.####.#.#
#.###.# #......#.## #)#
## ........... ##
######.#### #.# #.#


You could see an iguana.

Vanquished Creatures
  3 endoplasms (D:1)
  2 goblins (D:1)
  4 hobgoblins
  4 ball pythons
  A bat (D:1)
  2 frilled lizards (D:1)
  7 kobolds (D:1)
  3 rats
26 creatures vanquished.

Notes
Turn   | Place    | Note
-------+----------+-------------------------------------------
     0 | D:1      | qw the Gargoyle Hexslinger began the quest for the Orb.
     0 | D:1      | Reached XP level 1. HP: 12/12 MP: 2/2
     0 | D:1      | 0 ||| qw: Version: 0.3-a-24-ga2abf7b
     0 | D:1      | 0 ||| qw: Game counter: 6834
     0 | D:1      | 0 ||| qw: Melee chars always use a shield: true
     0 | D:1      | 0 ||| qw: God list: Okawaru
     0 | D:1      | 0 ||| qw: Allow faded altars: false
     0 | D:1      | 0 ||| qw: Do Orc after clearing Dungeon:15 true
     0 | D:1      | 0 ||| qw: Do second Lair branch before Depths: true
     0 | D:1      | 0 ||| qw: Lair rune preference: random
     0 | D:1      | 0 ||| qw: Goals: Normal
     0 | D:1      | 0 ||| PLANNING D:1-11
   298 | D:1      | Reached XP level 2. HP: 16/16 MP: 3/3
   308 | D:1      | 308 ||| Stepping ~*~*~tactically~*~*~ (outnumbered).
   313 | D:1      | 313 ||| FLEEEEING.
   366 | D:1      | Reached skill level 3 in Ranged Weapons
   770 | D:1      | 770 ||| UPGRADING to +0 ring mail.
   780 | D:1      | 780 ||| DROPPING +0 robe.
   781 | D:1      | 781 ||| READING scroll labelled KEALEARPHEFOACH.
   782 | D:1      | 782 ||| READING scroll labelled GYCLUH LYI.
   783 | D:1      | 783 ||| READING scroll labelled BIYGGUB ANTOA.
   784 | D:1      | 784 ||| READING scroll labelled ZAUJER XEUDDESA.
   785 | D:1      | 785 ||| DROPPING scroll of poison.
   806 | D:2      | 806 ||| STAIRDANCE
   909 | D:2      | Reached XP level 3. HP: 21/21 MP: 4/4
   953 | D:2      | HP: 4/21 [iguana (2)]
   955 | D:2      | Slain by an iguana

Levels and vault maps discovered:
D:1:      erik_arrival_orb_chamber, layout_loops_ring,
          ebering_dispersal_statue_hall, moated_statue, lexackson_kobold_supper
D:2:      layout_loops_ring, minmay_3d_cube

Skill      XL: |  1  2 |
---------------+-------+-----
Ranged Weapons | 3 |  3.0
Fighting       | 2 |  2.0
Dodging        | |  1.5
Spellcasting   | |  1.0
Hexes          | |  2.6

Action                     || total
---------------------------++-------
   Fire: Sling             ||    91
    Use: Scroll            ||     4
 Armour: Robe              ||     4
         Ring mail         ||     3
  Dodge: Dodged            ||    26

Table legend:
 A = Non-vault XP
 B = Vault XP
 C = Vault XP percentage of total XP
 D = Non-vault monster count
 E = Vault monster count
 F = Vault count percentage of total count
                 A         B        C        D         E       F
            +---------+---------+-------+---------+---------+-------
      Total |      28 |       9 |  24.3 |      18 |       8 |  30.8
            +---------+---------+-------+---------+---------+-------
        D:1 |      23 |       9 |  28.1 |      14 |       8 |  36.4
        D:2 |       5 |       0 |   0.0 |       4 |       0 |   0.0
            +---------+---------+-------+---------+---------+-------
